 Dungeon Crawl Stone Soup version 0.30-a0-557-ge2afbf3030 (webtiles) character file.

Game seed: 9591004451639782428

2098 hikkokomori the Covert (level 9, -8/46 HPs)
             Began as a Spriggan Enchanter on Dec 28, 2022.
             Was an Initiate of Gozag.
             Mangled by a vampire (11 damage)
             ... on level 10 of the Dungeon.
             The game lasted 00:17:52 (6702 turns).

hikkokomori the Covert (Spriggan Enchanter)         Turns: 6702, Time: 00:17:53

Health: -8/46      AC:  4    Str:  6    XL:     9   Next: 7%
Magic:  11/14      EV: 17    Int: 17    God:    Gozag
Gold:   576        SH:  0    Dex: 17    Spells: 4/14 levels left

rFire   . . .      SeeInvis +    i - +2 dagger (venom)
rCold   . . .      Faith    .    (no shield)
rNeg    . . .      Spirit   .    b - +0 robe
rPois   .          Reflect  .    A - +1 hat
rElec   .          Harm     .    n - +0 cloak
rCorr   .          Rampage  .    (gloves unavailable)
Will    +....                    (boots unavailable)
Stlth   +++++                    p - amulet of the acrobat
HPRegen 0.27/turn                k - ring of wizardry
MPRegen 0.14/turn                z - +4 ring of slaying

@: confusing by touch, very quick
A: very small, no large weapons, unfitting armour, see invisible, speed 3
a: Renounce Religion, Potion Petition, Call Merchant, Bribe Branch


You were on level 10 of the Dungeon.
You worshipped Gozag.
Gozag was pleased with you.
You visited 2 branches of the dungeon, and saw 9 of its levels.

You collected 704 gold pieces.
You paid 128 gold pieces to Gozag.

Inventory:

Hand Weapons
 a - a +1 dagger
 i - a +2 dagger of venom (weapon)
 m - the +8 hand axe of Mourning {flame, Fly Str-4 Dex+3}
   (You found it on level 4 of the Dungeon)

   It burns those it strikes, dealing additional fire damage.
   Big, fiery blades are also staple armaments of hydra-hunters.
   Str:       It affects your strength (-4).
   Dex:       It affects your dexterity (+3).
   Fly:       It grants you flight.
Missiles
 s - 3 throwing nets
Armour
 b - a +0 robe (worn)
 n - a +0 cloak (worn)
 A - a +1 hat (worn)
Jewellery
 k - a ring of wizardry (left hand)
 p - an amulet of the acrobat (around neck)
 y - a ring of fire
 z - a +4 ring of slaying (right hand)
Wands
 q - a wand of flame (19)
 r - a wand of digging (3)
 t - a wand of iceblast (5)
 w - a wand of charming (16)
Scrolls
 d - a scroll of blinking {unknown}
 e - 2 scrolls of enchant weapon {unknown}
 j - a scroll of noise {unknown}
 o - 5 scrolls of identify {unknown}
 x - a scroll of fog {unknown}
 B - a scroll of magic mapping {unknown}
 C - a scroll of vulnerability {unknown}
Potions
 c - 2 potions of invisibility
 f - a potion of heal wounds {unknown}
 g - 3 potions of curing
 h - a potion of ambrosia {unknown}
 l - a potion of might {unknown}
 u - a potion of degeneration {unknown}
 v - 2 potions of brilliance {unknown}


   Skills:
 + Level 4.6 Fighting
 + Level 5.9 Short Blades
 - Level 2.6 Dodging
 + Level 10.1 Stealth
 - Level 3.3 Spellcasting
 + Level 8.1 Hexes
 - Level 2.6 Transmutations


You had 4 spell levels left.
You knew the following spells:

 Your Spells              Type           Power      Damage    Failure   Level
a - Ensorcelled Hibernat  Hex/Ice        32%        N/A       1%          2
b - Wereblood             Tmut           11%        N/A       3%          2
c - Confusing Touch       Hex            30%        N/A       1%          3
d - Tukima's Dance        Hex            30%        N/A       1%          3

Your spell library contained the following spells:

 Spells                   Type           Power      Damage    Failure   Level
 Beastly Appendage        Tmut           22%        N/A       2%          1
 Dazzling Flash           Conj/Hex       32%        N/A       4%          3
 Cigotuvi's Dreadful Rot  Necr/Pois/Air  4%         N/A       11%         2
 Spider Form              Tmut/Pois      7%         N/A       12%         3
 Dispel Undead            Necr           2%         3d7       52%         4
 Death Channel            Necr           1%         N/A       100%        6
 Chain Lightning          Conj/Air       1%         3d1       100%        9
 Fire Storm               Conj/Fire      1%         7d1       100%        9
 Shatter                  Erth           1%         3d5*      100%        9


Dungeon Overview and Level Annotations

Branches:
Dungeon (10/15)            Temple (1/1) D:5
   Lair: D:8-11         Orc: D:9-12

Altars:
Ashenzari
Cheibriados
Dithmenos
Elyvilon
Fedhas
Gozag
Hepliaklqana
Makhleb
Nemelex Xobeh
Okawaru
Qazlal
Ru
Sif Muna
Trog
Uskayaw
Vehumet
Wu Jian
Xom
Yredelemnul
Zin
The Shining One

Shops:
D:4 *


Innate Abilities, Weirdness & Mutations

You are very small and have problems with some larger weapons.
You are too small for most types of armour.
You have supernaturally acute eyesight. (SInv)
You cover ground extremely quickly. (Speed+++)


Message History

Found 19 gold pieces.
The vampire gestures wildly while chanting.
The vampire flickers and vanishes for a moment.
You barely miss the vampire. The vampire closely misses you.
The vampire misses you.
You hit the vampire but do no damage. The vampire hits you!
The vampire misses you.
You closely miss the vampire. You hit the vampire but do no damage.
The vampire completely misses you. The vampire closely misses you.
You closely miss the vampire.
You punch the vampire, but do no damage.
The vampire hits you but does no damage.
The vampire bites you!
The vampire draws strength from your injuries!
You hit the vampire.
You punch the vampire, but do no damage.
The vampire is lightly damaged.
The vampire hits you! The vampire bites you.
The vampire draws strength from your injuries!
You hit the vampire.
The vampire is moderately damaged.
Casting: Ensorcelled Hibernation (safe; 1% risk of failure)
Confirm with . or Enter, or press ? or * to list all spells.
You can't see any susceptible monsters within range! (Use Z to cast anyway.) Unknown command.
Casting: Ensorcelled Hibernation (safe; 1% risk of failure)
Confirm with . or Enter, or press ? or * to list all spells.
Your hands begin to glow red.
The vampire misses you. The vampire closely misses you.
You hit the vampire but do no damage.
The vampire is lightly damaged.
The vampire closely misses you. The vampire bites you!
* * * LOW HITPOINT WARNING * * *
The vampire draws strength from your injuries!
You barely miss the vampire. The vampire hits you!
* * * LOW HITPOINT WARNING * * *
The vampire bites you!
You die...
Your body crumbles into a pile of gold.

$# #.# #.# #.# #.#
######.### #..V.....#
#.^.@....# ####+##
#........# #.....#
#..........# #.....#
...#........######.....#
$ ##
#.............#.....#
#........####.'.....#
#........# ###.....#
##.####### ###'### #.
#...#


You could see a vampire (invisible).

Vanquished Creatures
  A water moccasin (D:6)
  2 ice beasts (D:6)
  3 sky beasts (D:6)
  3 black bears
  6 ogres
  A kobold brigand (D:6)
  4 scorpions
  A gnoll sergeant (D:6)
  A gnoll bouda (D:5)
  2 jellies (D:5)
  Jessica (D:2)
  An iguana (D:6)
  12 gnolls
  4 adders
  A shadow imp (D:5)
  A white imp (D:6)
  3 worms
  5 orcs (D:5)
  10 ball pythons
  3 bats (D:1)
  9 endoplasms
  3 giant cockroaches
  4 goblins
  8 hobgoblins
  9 jackals
  12 kobolds
  5 quokkas
  4 frilled lizards
  5 rats
124 creatures vanquished.

Notes
Turn   | Place    | Note
-------+----------+-------------------------------------------
     0 | D:1      | hikkokomori the Spriggan Enchanter began the quest for the
                  | Orb.
     0 | D:1      | Reached XP level 1. HP: 9/9 MP: 5/5
   165 | D:1      | Found a faded altar of an unknown god.
   257 | D:1      | Reached XP level 2. HP: 13/13 MP: 6/6
   266 | D:1      | Learned a level 2 spell: Ensorcelled Hibernation
   893 | D:2      | Noticed Jessica
  1029 | D:2      | Killed Jessica
  1030 | D:2      | Reached XP level 3. HP: 17/17 MP: 1/8
  1314 | D:2      | Reached skill level 5 in Stealth
  1463 | D:2      | Found a burning altar of Makhleb.
  1473 | D:2      | Reached XP level 4. HP: 21/21 MP: 9/9
  1692 | D:2      | Reached skill level 1 in Fighting
  1945 | D:3      | Learned a level 2 spell: Wereblood
  2745 | D:4      | Identified the +8 hand axe of Mourning {flame, Fly Str-4
                  | Dex+3}
  2790 | D:3      | Lost strength.
  2951 | D:4      | Noticed a scorpion
  2954 | D:4      | Reached skill level 1 in Transmutations
  3001 | D:4      | Reached XP level 5. HP: 10/25 MP: 10/10
  3011 | D:4      | Reached skill level 5 in Hexes
  3100 | D:4      | Found a stormy altar of Qazlal.
  3322 | D:4      | Found Racluss's Assorted Antiques.
  3352 | D:4      | Reached skill level 6 in Stealth
  3607 | D:5      | Entered Level 5 of the Dungeon
  3649 | D:5      | Noticed an ogre
  3656 | D:5      | Killed an ogre
  3657 | D:5      | Reached XP level 6. HP: 30/30 MP: 6/11
  3672 | D:5      | Learned a level 3 spell: Confusing Touch
  3676 | D:5      | Learned a level 3 spell: Tukima's Dance
  4058 | D:5      | Reached skill level 7 in Stealth
  4058 | D:5      | Reached XP level 7. HP: 25/35 MP: 12/12
  4162 | D:5      | Found a shimmering blue altar of Sif Muna.
  4162 | D:5      | Found an ornate altar of the Wu Jian Council.
  4828 | D:5      | Found a staircase to the Ecumenical Temple.
  4922 | Temple   | Entered the Ecumenical Temple
  5008 | Temple   | Became a worshipper of Gozag Ym Sagoz the Greedy
  5418 | D:6      | Reached skill level 8 in Stealth
  5427 | D:6      | Reached XP level 8. HP: 40/40 MP: 13/13
  5625 | D:6      | Reached skill level 5 in Short Blades
  5625 | D:6      | Reached skill level 9 in Stealth
  5883 | D:6      | Found a sparkling altar of Nemelex Xobeh.
  5933 | D:6      | Found a hazy altar of Hepliaklqana.
  6431 | D:6      | Found an iron altar of Okawaru.
  6448 | D:6      | Reached skill level 10 in Stealth
  6448 | D:6      | Reached XP level 9. HP: 46/46 MP: 14/14
  6605 | D:7      | You fall into a shaft and drop 3 floors!
  6605 | D:10     | Entered Level 10 of the Dungeon
  6702 | D:10     | Mangled by a vampire

Illustrated notes

Levels and vault maps discovered:
D:1:      minmay_arrival_loop, layout_loops_ring,
          dreamdust_ecumenical_altar_hidden_monk_grotto
D:2:      layout_loops_corners, basic_altar, uniq_jessica
D:3:      layout_loops_corners
D:4:      layout_loops_ring, nicolae_qazlal_scattered_showers, serial_glass,
          glass_columns_b, glass_columns_b, minmay_strange_pillars,
          minmay_strange_pillars, due_unseen_surprise, serial_shops,
          nicolae_shop_advertising_works [nicolae_subvault_shop_adworks]
D:5:      layout_basic, mainiacjoe_overflow_large_starburst, temple_fountains
D:6:      layout_basic, kennysheep_little_box, kennysheep_mini,
          nemelex_xobeh_ov_fountains_minmay, chequers_serial_rivers_small_b
D:7:      layout_basic, serial_shops, shop, dreamdust_mushroom_princess
D:10:     layout_roguey, hex_tiny
Temple:   nicolae_temple_bog_church

Skill      XL: |  1  2  3  4  5  6  7  8 |
---------------+-------------------------+-----
Hexes          | 4 5 6 8 |  8.1
Spellcasting   | 3 |  3.3
Short Blades   | 2 3 4 5 |  5.9
Stealth        | 5 6 7 8 10 | 10.1
Fighting       | 1 2 3 4 |  4.6
Transmutations | 1 2 |  2.6
Dodging        | |  2.6

Action                   |  1- 3 |  4- 6 |  7- 9 || total
-------------------------+-------+-------+-------++-------
Melee: Dagger            |   115 |   118 |   144 ||   377
       Punch             |     1 |     1 |     3 ||     5
 Cast: Ensorcelled Hiber |     3 |    13 |     5 ||    21
       Wereblood         |       |     1 |     1 ||     2
       Tukima's Dance    |       |       |     2 ||     2
       Confusing Touch   |       |       |     1 ||     1
  Use: Potion            |       |     1 |       ||     1
 Stab: Sleeping          |     7 |    19 |    12 ||    38
Armor: Robe              |     5 |     9 |    10 ||    24
Dodge: Dodged            |    78 |    55 |    85 ||   218

Table legend: (Time is in decaauts)
 A = Elapsed time spent in this place.
 B = Non-inter-level travel time spent in this place.
 C = Inter-level travel time spent in this place.
 D = Time resting spent in this place.
 E = Time spent auto-exploring this place.
 F = Levels seen in this place.
 G = Mean time per level.
                   A        B        C        D        E       F      G
               +--------+--------+--------+--------+--------+-----+--------+
         Total |   4716 |   4575 |    141 |    323 |   3111 |   9 |  524.0 |
       Dungeon |   4572 |   4448 |    124 |    323 |   3033 |   8 |  571.5 |
        Temple |    144 |    127 |     17 |      0 |     77 |   1 |  144.0 |
               +--------+--------+--------+--------+--------+-----+--------+

Top non-repeatable levels by time:
     D:5: 1239 daAuts
     D:6: 729 daAuts
     D:2: 698 daAuts
     D:4: 676 daAuts
     D:1: 603 daAuts
     D:3: 562 daAuts
  Temple: 144 daAuts
    D:10: 63 daAuts
